 Dungeon Crawl Stone Soup version 0.26.1-11-gd32895ea62 (webtiles) character file.

Game seed: 10114502258654255057

37 MisterFreud the Sneak (level 3, -5/17 HPs)
             Began as a Felid Abyssal Knight on May 8, 2021.
             Was a Believer of Lugonu.
             Killed from afar by Terence the steam dragon (22 damage)
             ... with a ball of steam
             ... on level 3 of the Dungeon.
             The game lasted 00:03:14 (2730 turns).

MisterFreud the Sneak (Felid Abyssal Knight)        Turns: 2730, Time: 00:03:15

Health: -5/17      AC:  1    Str:  8    XL:     3   Next: 21%
Magic:  5/5        EV: 18    Int: 13    God:    Lugonu [**....]
Gold:   152        SH:  0    Dex: 16    Spells: 2/2 levels left
                                        Lives:  0   Deaths: 1

rFire    . . .     SeeInvis +     - Unarmed
rCold    . . .     Faith    .   (shield unavailable)
rNeg     . . .     Spirit   .   (armour unavailable)
rPois    .         Reflect  .   (helmet unavailable)
rElec    .         Harm     .   (cloak unavailable)
rCorr    .         Rampage  .   (gloves unavailable)
Will     .....                  (boots unavailable)
Stlth    +++.......             (no amulet)
HPRegen  0.05/turn              (no ring)
MPRegen  0.09/turn              (no ring)

@: quick
A: very small, no armour, no weapons or thrown items, stealth, claws 1, fangs 3,
see invisible, speed 1, shaggy fur 1, sharp paws
a: Renounce Religion, Depart the Abyss, Bend Space


You were on level 3 of the Dungeon.
You worshipped Lugonu.
Lugonu was pleased with you.
You visited 1 branch of the dungeon, and saw 3 of its levels.
You visited the Abyss 1 time.

You collected 152 gold pieces.

Inventory:

Jewellery
 i - a cursed amulet of inaccuracy {unknown}
 k - an uncursed amulet of guardian spirit {unknown}
Wands
 h - a wand of polymorph (4)
Scrolls
 a - 2 scrolls of remove curse {unknown}
 b - 3 scrolls of amnesia {unknown}
 g - a scroll of identify {unknown}
 j - a scroll of teleportation {unknown}
Potions
 c - 2 potions of lignification {unknown}
 d - a potion of resistance {unknown}
 e - a potion of haste {unknown}
 f - 4 potions of degeneration {unknown}
 l - a potion of magic {unknown}
 m - a potion of attraction {unknown}


   Skills:
 - Level 3.0 Fighting
 - Level 3.2 Dodging
 + Level 3.9 Stealth
 + Level 3.5 Unarmed Combat
 - Level 1.7 Invocations


You had 2 spell levels left.
You didn't know any spells.
Your spell library was empty.

Dungeon Overview and Level Annotations

Branches:
Dungeon (3/15)

Altars:

Annotations:
D:3 Terence


Innate Abilities, Weirdness & Mutations

You cannot wear armour.
You are incapable of wielding weapons or throwing items.
Your paws allow you to move quietly. (Stealth)
You have sharp claws.
You have razor-sharp teeth.
You have supernaturally acute eyesight. (SInv)
You cover ground quickly.
You are covered in fur. (AC +1)
Your sharp claws are effective at attacking unaware monsters.


Message History

Press: ? - help, Shift-Dir - straight line, f/p - Terence
Aim: Terence, wielding a +0 short sword and wearing a +0 scale mail (heavily wounded, will become an orc, a jackal, or a steam dragon, chance to affect: 54%) Terence evaporates and reforms as a steam dragon!
Terence bites you. Terence misses you. Terence breathes steam at you.
The ball of steam hits you!
Ouch! That really hurt!
You die...
You are now level 3!
You rejoin the land of the living...
Found an escape hatch in the floor.
Unknown command.
f - 4 cyan potions (gained 2)
Found 17 bolts.
Terence is nearby!
Terence is nearby!
Terence breathes steam at you. The ball of steam hits you!!
Ouch! That really hurt!
You die...

.....K...........
#...........).<..#
#......###.#.##. .....
#......##...... .....
#....D... .....#
...... #...§..# .....#
...... #...§..# ....
...........##..§...#
...............@...# #
...................#.#
.....................#
.....................#
.....................#
..............#......#
..............#......#
>.............#(.....#
...#######....######.#


You could see Terence the steam dragon (catching breath).

Vanquished Creatures
  Robin (D:2)
  3 worms (D:2)
  2 dart slugs (D:2)
  2 leopard geckos
  2 ball pythons (D:2)
  A giant cockroach (D:1)
  15 goblins
  5 hobgoblins
  3 jackals (D:2)
  6 kobolds
  A quokka (D:2)
  4 bats (D:2)
  4 frilled lizards
  8 rats
57 creatures vanquished.

Notes
Turn   | Place    | Note
-------+----------+-------------------------------------------
     0 | Abyss:1  | MisterFreud the Felid Abyssal Knight began the quest for
                  | the Orb.
     0 | Abyss:1  | Reached XP level 1. HP: 10/10 MP: 3/3
    37 | D:1      | Escaped the Abyss
   200 | D:1      | Reached skill level 1 in Stealth
   307 | D:1      | Reached XP level 2. HP: 14/14 MP: 4/4
  1037 | D:2      | Reached ** piety under Lugonu
  1129 | D:2      | Reached XP level 3. HP: 17/17 MP: 5/5
  1161 | D:2      | Noticed Robin
  1507 | D:2      | Killed Robin
  2034 | D:2      | Found a faded altar of an unknown god.
  2052 | D:2      | Reached XP level 4. HP: 19/21 MP: 6/6
  2688 | D:3      | Noticed Terence
  2709 | D:3      | Noticed Terence
  2709 | D:3      | Terence changed into Terence the steam dragon
  2713 | D:3      | Killed from afar by Terence the steam dragon
  2714 | D:3      | Reached XP level 3. HP: -10/17 MP: 5/5
  2730 | D:3      | Killed from afar by Terence the steam dragon

Illustrated notes

Levels and vault maps discovered:
D:1:      dpeg_arrival_three_same_balls, layout_loops_ring
D:2:      layout_basic, chequers_ecumenical_altar_simple, uniq_robin
D:3:      layout_basic, chequers_temple_overflow_statue_of_worship,
          portal_sewer_entry_b, uniq_terence

Skill      XL: |  1  2  3 |
---------------+----------+-----
Stealth        | 1 2 3 |  3.9
Unarmed Combat | 3 |  3.5
Fighting       | |  3.0
Dodging        | |  3.2
Invocations    | |  1.7

Action                   |  1- 3 |  4- 6 || total
-------------------------+-------+-------++-------
Melee: Unarmed           |   148 |    32 ||   180
       Bite              |     9 |     3 ||    12
       Punch             |     1 |       ||     1
Evoke: Wand              |       |     2 ||     2
 Stab: Sleeping          |     8 |     2 ||    10
       Distracted        |     1 |       ||     1
Armor: Skin              |     4 |     1 ||     5
Dodge: Dodged            |   111 |    16 ||   127
